 Dungeon Crawl Stone Soup version 0.31-a0-152-g6aa68a64a1 (webtiles) character file.

Game seed: 5770367220131050500

119 qw the Shooter (level 4, -4/40 HPs)
             Began as a Minotaur Hunter on June 9, 2023.
             Slain by a gnoll
             ... wielding a +0 spear
              (5 damage)
             ... on level 4 of the Dungeon.
             The game lasted 00:00:54 (2493 turns).

qw the Shooter (Minotaur Hunter)                    Turns: 2493, Time: 00:00:55

Health: -4/40      AC:  5    Str: 15    XL:     4   Next: 74%
Magic:  3/3        EV: 11    Int:  6    God:
Gold:   208        SH:  0    Dex: 16    Spells: 3/3 levels left

rFire   . . .        Y - +0 shortbow
rCold   . . .        (shield currently unavailable)
rNeg    . . .        i - +0 ring mail
rPois   .            (helmet restricted)
rElec   .            (no cloak)
rCorr   .            (no gloves)
SInv    .            (no boots)
Will    .....        (no amulet)
Stlth   +            (no ring)
HPRegen 0.26/turn    (no ring)
MPRegen 0.08/turn

%: no passive effects
@: about to teleport
A: horns 2, retaliatory headbutt
a: no special abilities


You were on level 4 of the Dungeon.
You visited 1 branch of the dungeon, and saw 4 of its levels.

You collected 208 gold pieces.


Innate Abilities, Weirdness & Mutations

You have a pair of horns on your head.
You reflexively headbutt those who attack you in melee.


   Skills:
 + Level 3.8 Fighting
 - Level 6.0 Ranged Weapons
 - Level 1.1 Armour
 - Level 2.1 Dodging
 - Level 0.7 Stealth


You had 3 spell levels left.
You didn't know any spells.
Your spell library was empty.

Inventory:

Hand Weapons
 Y - a +0 shortbow (weapon)
Armour
 i - a +0 ring mail (worn)
Scrolls
 a - 2 scrolls of identify
 b - a scroll of enchant armour {unknown}
 f - 2 scrolls of teleportation
Potions
 c - a potion of invisibility {unknown}
 d - a potion of heal wounds {unknown}
 e - a potion of lignification {unknown}
 g - 2 potions of brilliance {unknown}
 k - a potion of berserk rage {unknown}
 l - a potion of experience {unknown}

Dungeon Overview and Level Annotations

Branches:
Dungeon (4/15)
 Temple: D:4-7

Altars:


Message History

You shoot an arrow. The gnoll shouts!
The arrow hits the gnoll.
The gnoll is heavily wounded.
You shoot an arrow. The arrow hits the gnoll.
The gnoll is almost dead.
A gnoll comes into view. It is wielding a +0 spear.
The gnoll hits you with a +0 club. x2
You shoot an arrow. The gnoll shouts!
The arrow hits the gnoll!
You kill the gnoll!
The gnoll closely misses you.
You shoot an arrow.
The arrow hits the gnoll but does no damage.
The gnoll hits you from afar with a +0 spear.
You shoot an arrow. The arrow hits the gnoll!
The gnoll is severely wounded.
The gnoll hits you but does no damage. The gnoll misses you.
You shoot an arrow. The arrow barely misses the gnoll.
The gnoll hits you but does no damage. The gnoll closely misses you.
You shoot an arrow. The arrow closely misses the gnoll.
The gnoll hits you from afar with a +0 spear. x3
The gnoll hits you but does no damage.
The gnoll hits you from afar with a +0 spear!
The gnoll hits you from afar with a +0 spear.
You shoot an arrow. The arrow hits the gnoll.
The gnoll is severely wounded.
The gnoll closely misses you. The gnoll hits you but does no damage.
The gnoll hits you from afar with a +0 spear.
2492 ||| READING 3 scrolls of teleportation.
As you read the scroll of teleportation, it crumbles to dust.
You feel strangely unstable.
The gnoll hits you from afar with a +0 spear.
The gnoll barely misses you.
The gnoll hits you from afar with a +0 spear.
You shoot an arrow. The arrow barely misses the gnoll.
The gnoll barely misses you. The gnoll closely misses you.
The gnoll hits you from afar with a +0 spear.
You die...

#......# ##..##.#
#......## ####..#
#.......## ##...#
#........# ##...##
#........###....#
#........#..>..##
#.......#%.....#
#####........%.....#
#....@.............#
##...).............#
#...ggg...........#
#....)............#
##................#
#..##............#
#.. ....... ##.
......


You could see 3 gnolls.

Vanquished Creatures
  A gnoll (D:4)
  2 adders
  A white imp (D:4)
  An ufetubus (D:4)
  A worm (D:3)
  3 dart slugs
  4 bats
  2 endoplasms
  5 giant cockroaches
  11 goblins
  10 hobgoblins
  6 jackals
  2 quokkas
  4 ball pythons
  3 frilled lizards (D:2)
  4 kobolds
  5 rats
65 creatures vanquished.

Notes
Turn   | Place    | Note
-------+----------+-------------------------------------------
     0 | D:1      | qw the Minotaur Hunter began the quest for the Orb.
     0 | D:1      | Reached XP level 1. HP: 18/18 MP: 0/0
     0 | D:1      | 0 ||| qw: Version: 0.2-a-121-gba3a3e5
     0 | D:1      | 0 ||| qw: Game counter: 3172
     0 | D:1      | 0 ||| qw: Always use a shield: true
     0 | D:1      | 0 ||| qw: God list: Okawaru
     0 | D:1      | 0 ||| qw: Allow faded altars: false
     0 | D:1      | 0 ||| qw: Do Orc after D:15 true
     0 | D:1      | 0 ||| qw: Do second Lair branch before Depths: true
     0 | D:1      | 0 ||| qw: Lair rune preference: random
     0 | D:1      | 0 ||| qw: Plans: Normal
     0 | D:1      | 0 ||| PLANNING D:1-11
    19 | D:1      | 19 ||| FLEEEEING.
    34 | D:1      | 34 ||| FLEEEEING.
    73 | D:1      | Reached XP level 2. HP: 25/25 MP: 1/1
   167 | D:1      | Reached skill level 5 in Ranged Weapons
   443 | D:1      | Reached skill level 3 in Fighting
   778 | D:1      | 778 ||| READING 2 scrolls labelled ISUYXU TEBLI.
   779 | D:1      | 779 ||| READING 2 scrolls labelled JOEDWIV YNUXTA.
   784 | D:1      | 784 ||| DROPPING scroll of butterflies.
   912 | D:2      | Reached XP level 3. HP: 31/31 MP: 2/2
  1889 | D:3      | 1889 ||| UPGRADING to +0 ring mail.
  1899 | D:3      | 1899 ||| DROPPING +0 leather armour.
  1900 | D:3      | 1900 ||| READING 2 scrolls labelled HUELEEL QEOMO.
  1901 | D:3      | 1901 ||| DRINKING 2 puce potions.
  1902 | D:3      | 1902 ||| READING 2 scrolls of identify.
  1902 | D:3      | 1902 ||| IDENTIFYING cyan potion
  1903 | D:3      | 1903 ||| DROPPING potion of ambrosia.
  1904 | D:3      | 1904 ||| DROPPING potion of attraction.
  1905 | D:3      | 1905 ||| DROPPING scroll of fog.
  1917 | D:4      | 1917 ||| PLANNING SEWER
  1920 | D:4      | Reached XP level 4. HP: 38/38 MP: 3/3
  1949 | D:4      | Reached skill level 1 in Armour
  2045 | D:4      | 2045 ||| FLEEEEING.
  2051 | D:4      | 2051 ||| FLEEEEING.
  2052 | D:4      | 2052 ||| FLEEEEING.
  2053 | D:4      | 2053 ||| FLEEEEING.
  2054 | D:4      | 2054 ||| FLEEEEING.
  2078 | D:4      | Identified the +0 chain mail of the Stone Wall {Drain rC+
                  | SInv}
  2124 | D:4      | Reached skill level 6 in Ranged Weapons
  2491 | D:4      | HP: 10/40 [gnoll/+0 spear (5)]
  2492 | D:4      | 2492 ||| READING 3 scrolls of teleportation.
  2492 | D:4      | HP: 4/40 [gnoll/+0 spear (6)]
  2492 | D:4      | HP: 1/40 [gnoll/+0 spear (3)]
  2493 | D:4      | Slain by a gnoll

Levels and vault maps discovered:
D:1:      saegor_arrival_miasma, layout_loops_ring, minmay_misc_feat_roman
D:2:      layout_rooms
D:3:      layout_basic, bh_walls_and_bars
D:4:      layout_cave_pods, gup_sewer_entry_spiral

Skill      XL: |  1  2  3  4 |
---------------+-------------+-----
Ranged Weapons | 5 6 |  6.0
Fighting       | 3 |  3.8
Armour         | 1 |  1.1
Dodging        | |  2.1
Stealth        | |  0.7

Action                     |  1- 3 |  4- 6 || total
---------------------------+-------+-------++-------
   Fire: Shortbow          |   141 |    66 ||   207
    Use: Scroll            |     4 |     1 ||     5
         Potion            |     1 |       ||     1
 Armour: Leather armour    |    18 |       ||    18
         Ring mail         |       |    19 ||    19
  Dodge: Dodged            |    38 |    23 ||    61

Table legend:
 A = Non-vault XP
 B = Vault XP
 C = Vault XP percentage of total XP
 D = Non-vault monster count
 E = Vault monster count
 F = Vault count percentage of total count
                 A         B        C        D         E       F
            +---------+---------+-------+---------+---------+-------
      Total |     171 |       0 |   0.0 |      65 |       0 |   0.0
            +---------+---------+-------+---------+---------+-------
        D:1 |      35 |       0 |   0.0 |      19 |       0 |   0.0
        D:2 |      20 |       0 |   0.0 |      12 |       0 |   0.0
        D:3 |      39 |       0 |   0.0 |      15 |       0 |   0.0
        D:4 |      77 |       0 |   0.0 |      19 |       0 |   0.0
            +---------+---------+-------+---------+---------+-------
